 Seeded DCSS version 0.27.1-34-g3ba077fa99 (webtiles) character file.

Game seed: 20220114 (custom seed)

498356 iamoutofideas the Archmage (level 24, -1/217 HPs)
             Began as a Deep Elf Fire Elementalist on Jan 14, 2022.
             Was the Champion of Vehumet.
             Slain by a spark wasp (15 damage)
             ... on level 4 of the Depths on Jan 18, 2022.
             The game lasted 03:21:10 (70607 turns).

iamoutofideas the Archmage (DEFE)                  Turns: 70607, Time: 03:21:11

Health: -1/217     AC: 32    Str: 16    XL:     24   Next: 0%
Magic:  56/56      EV:  2    Int: 33    God:    Vehumet [******]
Gold:   1001       SH: 10    Dex: 15    Spells: 2/77 levels left

rFire    + + .     SeeInvis .   Z - +0 staff of Battle
rCold    + + .     Faith    .   a - +3 buckler
rNeg     + + +     Spirit   .   (armour currently unavailable)
rPois    +         Reflect  .   (helmet currently unavailable)
rElec    +         Harm     .   (cloak currently unavailable)
rCorr    +         Rampage  .   (gloves currently unavailable)
Will     ++...     NoTele   +   (boots currently unavailable)
Stlth    +.........             L - amulet of Ofop {RegenMP rC+ Str+5 Slay+3}
HPRegen  0.46/turn              y - ring of the Trilobite {rN+ rCorr Str+6}
MPRegen  0.60/turn              K - ring of protection from fire

@: tree-form, resistant, unable to read, glowing, silenced
A: stationary, stasis, torment immunity, boosted hp, (claws 1), inability to
read while threatened
}: 2/15 runes: serpentine, barnacled
a: Renounce Religion


You were on level 4 of the Depths.
You worshipped Vehumet.
Vehumet was exalted by your worship.
You were a tree.
You visited 9 branches of the dungeon, and saw 43 of its levels.
You visited 1 bazaar.
You also visited: Trove, Bailey, Ice Cave and Desolation.

You collected 5316 gold pieces.
You spent 4315 gold pieces at shops.

Inventory:

Hand Weapons
 j - the +8 war axe of Wyrd {venom, +Rage rElec}
   (You found it on level 11 of the Dungeon)

   It poisons the flesh of those it strikes.
   rElec:     It insulates you from electricity.
   +Rage:     It lets you go berserk.
 p - the +8 lance "Wyrmbane" {slay drac, rPois rF+ rC+ AC+3}
   (You found it on level 6 of the Lair of Beasts)

   It inflicts extra damage against dragons and draconians.
   AC:        It affects your AC (+3).
   rF:        It protects you from fire.
   rC:        It protects you from cold.
   rPois:     It protects you from poison.
 C - the +4 whip of the Secret Ultimatums {drain, rF++ Int+3}
   (You took it off a ragged hierophant in the Desolation of Salt)

   A truly terrible weapon, it drains the life of any living foe it strikes.
   Int:       It affects your intelligence (+3).
   rF:        It greatly protects you from fire.
 Z - the +0 staff of Battle (weapon)
   (You found it on level 2 of the Shoals)

   It enhances your conjuration magic.
   It summons a battlesphere in combat, with strength depending on Conjurations
   skill.
Armour
 a - a +3 buckler (worn)
 e - a +2 pair of gloves of stealth (melded)
 f - a +4 troll leather armour {Snorg}
 i - a +1 helmet (melded)
 v - the +7 leather armour of Qoceunoi {*Corrode +Blink Int+2 Slay+5}
   (You found it on level 1 of the Elven Halls)

   Int:       It affects your intelligence (+2).
   Slay:      It affects your accuracy & damage with ranged weapons and melee
   (+5).
   +Blink:    It lets you blink.
   *Corrode:  It may corrode you when you take damage.
 x - a +2 cloak (melded)
 z - the +3 leather armour of the Known World {rC+ rN++}
   (You bought it in a shop on level 2 of the Orcish Mines)

   rC:        It protects you from cold.
   rN:        It greatly protects you from negative energy.
 H - the +0 pair of boots of Cowardice (melded) {rPois Stlth+}
   (You bought it in a shop on level 1 of the Shoals)

   rPois:     It protects you from poison.
   Stlth:     It makes you more stealthy.
 S - a +2 kite shield of cold resistance
 U - the +2 leather armour of Inaction (melded) {rF+ rC+ Int+4}
   (You bought it in a shop on level 3 of the Depths)

   Int:       It affects your intelligence (+4).
   rF:        It protects you from fire.
   rC:        It protects you from cold.
Jewellery
 d - the ring of Fedhas's Envy {Wiz rC++ Int+3}
   (You found it on level 4 of the Shoals)

   [ring of wizardry]

   It improves your spell success rate.
   Int:       It affects your intelligence (+3).
   rC:        It greatly protects you from cold.
 s - a ring of protection from fire
 y - the ring of the Trilobite (left branch) {rN+ rCorr Str+6}
   (You found it in a treasure trove)

   [ring of strength]

   Str:       It affects your strength (+6).
   rN:        It protects you from negative energy.
   rCorr:     It protects you from acid and corrosion.
 I - a ring of willpower
 K - a ring of protection from fire (right branch)
 L - the amulet of Ofop (around neck) {RegenMP rC+ Str+5 Slay+3}
   (You found it on level 13 of the Dungeon)

   [amulet of magic regeneration]

   It increases your rate of magic regeneration.
   Str:       It affects your strength (+5).
   Slay:      It affects your accuracy & damage with ranged weapons and melee
   (+3).
   rC:        It protects you from cold.
 Q - a ring of willpower
 W - the ring of Doubts {rElec rN+}
   (You took it off a merfolk on level 4 of the Shoals)

   [ring of positive energy]

   rElec:     It insulates you from electricity.
   rN:        It protects you from negative energy.
Wands
 c - a wand of acid (8)
 R - a wand of iceblast (57)
 T - a wand of digging (5)
Scrolls
 b - 12 scrolls of teleportation
 g - 3 scrolls of holy word
 k - a scroll of summoning
 l - a scroll of blinking
 m - 4 scrolls of silence
 o - 4 scrolls of amnesia
 r - 6 scrolls of immolation
 t - 13 scrolls of fear
 u - a scroll of enchant weapon
 N - 8 scrolls of fog
Potions
 n - 4 potions of lignification
 w - 6 potions of curing
 B - a potion of resistance
 D - 2 potions of invisibility
 E - 6 potions of flight
 F - 7 potions of brilliance
 G - 5 potions of might
 M - a potion of magic
 P - a potion of cancellation
 X - 10 potions of ambrosia
Miscellaneous
 h - a condenser vane (inert)
 J - a phantom mirror (inert)


   Skills:
 + Level 13.1 Fighting
 - Level 0.9 Long Blades
 + Level 5.3 Armour
 + Level 8.6 Dodging
 - Level 2.7 Stealth
 * Level 12.1 Shields
 - Level 0.3 Unarmed Combat
 O Level 27 Spellcasting
 + Level 20.6 Conjurations
 + Level 1.6 Translocations
 + Level 23.9 Fire Magic
 + Level 1.9 Ice Magic
 + Level 2.1 Air Magic
 + Level 2.6 Earth Magic
 + Level 1.2 Poison Magic


You had 2 spell levels left.
You knew the following spells:

 Your Spells              Type           Power      Damage    Failure   Level
a - Foxfire               Conj/Fire      100%       2x1d9     0%          1
b - Conjure Flame         Conj/Fire      100%       6-21      0%          3
c - Poisonous Vapours     Pois/Air       100%       N/A       1%          2
d - Sticky Flame          Conj/Fire      100%       2d11      0%          4
e - Fireball              Conj/Fire      68%        3d26      0%          5
f - Swiftness             Air            55%        N/A       1%          3
g - Olgreb's Toxic Radia  Pois           52%        N/A       1%          4
h - Blink                 Tloc           N/A        N/A       1%          2
i - Apportation           Tloc           100%       N/A       1%          1
j - Ensorcelled Hibernat  Hex/Ice        100%       N/A       1%          2
k - Ignite Poison         Fire/Tmut/Pois 79%        N/A       1%          3
l - Frozen Ramparts       Ice            100%       1d12      1%          3
m - Bolt of Magma         Conj/Fire/Erth 61%        4d24      0%          5
n - Orb of Destruction    Conj           67%        9d18      1%          7
o - Iskenderun's Battles  Conj           100%       2d15      0%          5
p - Stone Arrow           Conj/Erth      100%       3d13      0%          3
q - Ignition              Fire           58%        3d16      1%          8
r - Lehudib's Crystal Sp  Conj/Erth      55%        10d13     7%          8
s - Statue Form           Tmut/Erth      34%        N/A       41%         6

Your spell library contained the following spells:

 Spells                   Type           Power      Damage    Failure   Level
 Chain Lightning          Conj/Air       54%        3d72      71%         9
 Shatter                  Erth           29%        3d24*     100%        9
 Magic Dart               Conj           100%       1d8       0%          1
 Shock                    Conj/Air       100%       1d9       0%          1
 Animate Skeleton         Necr           88%        N/A       1%          1
 Beastly Appendage        Tmut           88%        N/A       1%          1
 Corona                   Hex            48%        N/A       1%          1
 Freeze                   Ice            100%       1d11      1%          1
 Sandblast                Erth           100%       2d20      1%          1
 Sting                    Tmut/Pois      100%       1d8       1%          1
 Summon Small Mammal      Summ           100%       N/A       1%          1
 Call Imp                 Summ           44%        N/A       1%          2
 Corpse Rot               Necr/Air       N/A        N/A       1%          2
 Passwall                 Tmut/Erth      43%        N/A       1%          2
 Slow                     Hex            44%        N/A       1%          2
 Wereblood                Tmut           44%        N/A       1%          2
 Dazzling Flash           Conj/Hex       100%       N/A       0%          3
 Inner Flame              Hex/Fire       89%        N/A       0%          3
 Call Canine Familiar     Summ           44%        N/A       1%          3
 Confusing Touch          Hex            44%        N/A       1%          3
 Gell's Gravitas          Tloc           26%        N/A       1%          3
 Lesser Beckoning         Tloc           26%        N/A       1%          3
 Mephitic Cloud           Conj/Pois/Air  98%        N/A       1%          3
 Ozocubu's Armour         Ice            54%        N/A       1%          3
 Portal Projectile        Hex/Tloc       98%        N/A       1%          3
 Spider Form              Tmut/Pois      24%        N/A       1%          3
 Teleport Other           Tloc           53%        N/A       1%          3
 Airstrike                Air            27%        N/A       1%          4
 Hailstorm                Conj/Ice       100%       3d20      1%          4
 Lee's Rapid Deconstruct  Erth           29%        3d16*     1%          5
 Lightning Bolt           Conj/Air       54%        1d76      1%          5
 Conjure Ball Lightning   Conj/Air       54%        3x3d20    1%          6
 Animate Armour           Summ/Erth      100%       N/A       2%          4
 Petrify                  Tmut/Erth      52%        N/A       2%          4
 Summon Lightning Spire   Summ/Air       51%        N/A       3%          4
 Dispel Undead            Necr           44%        3d17      4%          4
 Yara's Violent Unravell  Hex/Tmut       22%        3d10      4%          5
 Manifold Assault         Tloc           53%        N/A       7%          5
 Silence                  Hex/Air        25%        N/A       9%          5
 Alistair's Intoxication  Tmut/Pois      32%        N/A       11%         5
 Agony                    Necr           44%        N/A       14%         5
 Blade Hands              Tmut           22%        N/A       14%         5
 Excruciating Wounds      Necr           22%        N/A       14%         5
 Dispersal                Tloc           26%        N/A       36%         6
 Ozocubu's Refrigeration  Ice            27%        4d10      43%         7
 Death Channel            Necr           22%        N/A       58%         6
 Invisibility             Hex            22%        N/A       58%         6
 Shadow Creatures         Summ           N/A        N/A       58%         6


Dungeon Overview and Level Annotations

Branches:
Dungeon (15/15)            Temple (1/1) D:6            Lair (6/6) D:8
 Shoals (4/4) Lair:4        Snake (4/4) Lair:2        Slime (0/5) Lair:6
    Orc (2/2) D:10            Elf (3/3) Orc:2        Vaults (4/5) D:14
  Crypt (0/3) Vaults:3     Depths (4/5) D:15         Bailey (visited)
  IceCv (visited)         Desolation (visited)

Altars:
Ashenzari
Cheibriados
Dithmenos
Elyvilon
Fedhas
Gozag
Hepliaklqana
Kikubaaqudgha
Makhleb
Nemelex Xobeh
Okawaru
Qazlal
Ru
Sif Muna
Trog
Uskayaw
Vehumet
Wu Jian
Xom
Yredelemnul
Zin
The Shining One
Beogh

Shops:
D:1 (!   D:8 *   Orc:1 ((   Orc:2 =[([   Elf:1 :   Shoals:1 [   Snake:2 *
Snake:3 *   Vaults:1 *   Depths:3 [[

Portals:
Hell: Depths:1 Depths:2
Pandemonium: Depths:3

Annotations:
D:11 exclusion: 2 downstairs
Lair:2 exclusion: downstairs
Lair:5 2 transporters
Snake:2 exclusion: 2 downstairs
Snake:3 exclusion: downstairs
Snake:4 1 exclusion
Orc:2 1 runed translucent door, safid's ghost, journeyman HOFi
Elf:2 5 runed translucent doors
Vaults:2 exclusion: vault warden
Depths:4 Mennas


Innate Abilities, Weirdness & Mutations

You are a tree.
Your roots penetrate the ground, keeping you stationary.
You cannot be teleported.
You are immune to unholy pain and torment.
Your maximum health is greatly increased.
Your equipment is partially melded.
((You have sharp fingernails.))
You sometimes lose the ability to read scrolls when taking damage.


Message History

* * * LOW HITPOINT WARNING * * *
The cyan very ugly thing is engulfed in freezing vapours.
The cyan very ugly thing basks in the mutagenic energy from its kin and changes!
The spark wasp stings you.
* * * LOW HITPOINT WARNING * * *
The spark wasp shocks you. You resist.
* * * LOW HITPOINT WARNING * * *
Mennas hits you with a +1 sacred scourge of holy wrath.
* * * LOW HITPOINT WARNING * * *
Mennas hits you but does no damage.
Unknown command.
Okay, then.
Okay, then.
You feel much better.
The vampire knight hits you with a +0 war axe!!
* * * LOW HITPOINT WARNING * * *
The vampire knight bites you.
* * * LOW HITPOINT WARNING * * *
The spark wasp stings you but does no damage. x2
You block Mennas's attack.
Mennas hits you with a +1 sacred scourge of holy wrath.
* * * LOW HITPOINT WARNING * * *
The spark wasp stings you.
* * * LOW HITPOINT WARNING * * *
The spark wasp shocks you. You resist.
* * * LOW HITPOINT WARNING * * *
The vampire knight hits you but does no damage.
The vampire knight bites you but does no damage.
You block the spark wasp's attack.
Unknown command.
Okay, then.
You cannot read scrolls in your current state!
Unknown command.
Mennas blocks your attack.
Mennas is heavily wounded.
Mennas hits you with a +1 sacred scourge of holy wrath!
* * * LOW HITPOINT WARNING * * *
Mennas hits you but does no damage. You block the vampire knight's attack.
The vampire knight barely misses you. The spark wasp stings you!
You die...

,* ****** *,,,,,* *,,, ,* *,,,,*
*,,,,,* *,,,
,********,,,,*****,,,,,*******,,,
,,,,,,,,+,,,,+,,,,,,,,,+,,,,,+,,,
,,,,,****,,,,*****,,,,,*******,,,
,,,,,* *,,,,**,,,,,,,,,,,,,,,,,,
,,,,,* ******,,####,,,,****,,***
,,,,,* ***,,,,,##A.#,,,,*,,**,,,,
,,,,,***,,,***##♣Vu#,,,,*,,,**,**
,,****,,,*** #*yy§#y..,*,,,,*,*,
,,,,,,,,,* #....uu..,*,,,,*,,<
,,,,,***,* ***#########,*,*******
,,,,,* *,***,,*,,,,,,,,,*,,,,*,,*
,,,,,* *,**,,,*,,,,*,,,,*,,,,*,,,
,,≈,,* *,*,,,,*,,,,*,,,,*,,,,*,,,
,,≈,,* *,*,,,,,,,,,*,,,,*,,,,*,,,
,,,,,* *,***********,,,,****,*,**


You could see Mennas (silencing), 2 very ugly things, a vampire knight (fast), a
purple ugly thing, 2 spark wasps and a friendly battlesphere.

Vanquished Creatures
  Mara (Depths:3)
  A juggernaut (Depths:2)
  Bai Suzhen (Snake:4)
  Margery (Vaults:4)
  3 caustic shrikes (Depths:2)
  Nikola (Snake:3)
  2 deep elf master archers (Elf:3)
  2 deep elf blademasters (Elf:3)
  4 krakens (Shoals:2)
  5 sphinxes
  2 shadow dragons (Depths:2)
  4 tengu reavers
  Roxanne (D:14)
  Ilsuiw (Shoals:3)
  6 fire giants
  16 nagarajas
  Donald (Shoals:3)
  7 frost giants
  2 iron dragons (Depths:2)
  4 orc warlords
  6 deep elf sorcerers
  Aizul (Snake:3)
  A balrug (Depths:1)
  14 vault wardens
  10 ironbound preservers
  The ghost of Gusemoabb the Severer, a journeyman MiGl of Ru (Shoals:2)
  3 imperial myrmidons (Desolation)
  4 deep elf elementalists (Elf:3)
  17 stone giants
  4 war gargoyles
  2 vampire knights
  11 very ugly things
  2 minotaurs (Shoals:4)
  3 deep elf demonologists
  5 deep elf annihilators (Elf:3)
  2 halazid warlocks (Desolation)
  Azrael (Orc:2)
  3 spark wasps
  Snorg (Orc:1)
  2 crystal guardians (Desolation)
  9 merfolk impalers
  5 deep elf death magi
  7 ettins
  5 fire dragons
  6 ragged hierophants (Desolation)
  2 merfolk javelineers
  5 great orbs of eyes
  5 ironbound thunderhulks
  7 deep elf high priests
  10 yaktaur captains
  Fannar (D:11)
  Josephine (Orc:1)
  6 ice dragons
  14 vault guards
  16 naga warriors
  The ghost of safid the Cleaver, a journeyman HOFi of Beogh (D:11)
  11 peacekeepers
  A quicksilver dragon skeleton (Vaults:3)
  3 rakshasas (Depths:2)
  6 servants of whispers (Desolation)
  2 spriggan air magi (Depths:2)
  6 salamander tyrants
  5 boulder beetles
  14 centaur warriors
  12 hydras
  11 ironbound frosthearts
  3 merfolk avatars
  8 satyrs (Shoals:4)
  7 two-headed ogres
  7 dancing weapons
  13 anacondas
  6 merfolk aquamancers
  5 death yaks
  3 catoblepae
  Erica (D:8)
  2 hell hogs (Depths:1)
  8 tengu warriors
  4 deep troll shamans (Depths:2)
  4 deep troll earth magi (Depths:1)
  A vampire mage (Depths:1)
  3 orc high priests
  A spriggan berserker (Depths:2)
  4 hell knights (Vaults:4)
  A sun demon (Depths:1)
  3 ironbound beastmasters
  Urug (Orc:2)
  Sonja (D:12)
  A spriggan (Depths:2)
  18 naga sharpshooters
  12 deep elf knights
  5 shock serpents
  Nergalle (D:11)
  3 iron trolls
  5 salamander mystics
  31 deep trolls
  5 skeletal warriors (Vaults:3)
  A flayed ghost (Depths:1)
  18 sea snakes
  5 bog bodies (Shoals:1)
  A glowing orange brain (shapeshifter) (Vaults:1)
  19 wizards
  13 naga ritualists
  A glowing orange brain (Vaults:4)
  9 lindwurms
  6 phantasmal warriors
  9 deep elf archers
  12 mana vipers
  2 shadow dragon zombies (Depths:3)
  19 harpies
  5 necromancers
  15 ironbound convokers
  A wolf spider (D:15)
  16 orc knights
  57 ugly things
  26 deep elf pyromancers
  5 cyclopes
  17 deep elf zephyrmancers
  Pikel (D:5)
  5 oklob plants
  A frost giant zombie (Depths:2)
  8 orc sorcerers
  2 sphinx skeletons
  22 fauns
  A tengu skeleton (Vaults:3)
  2 fire giant zombies (Depths:3)
  10 manticores
  9 elephants
  17 naga magi
  Maurice (D:8)
  21 salamanders
  5 guardian serpents
  11 merfolk sirens
  3 human skeletons (Vaults:3)
  An ice statue (IceCv)
  15 vault sentinels
  38 black mambas
  A gargoyle (D:12)
  12 cane toads
  4 molten gargoyles
  A fire giant skeleton (Vaults:3)
  2 frost giant skeletons
  5 water nymphs
  3 rime drakes
  A torpor snail (Lair:3)
  12 komodo dragons
  3 tengu conjurers
  An unseen horror (D:7)
  33 yaktaurs
  4 freezing wraiths (IceCv)
  3 yaktaur skeletons (Vaults:3)
  3 anaconda simulacra (IceCv)
  10 ice devils (IceCv)
  3 meliai (D:15)
  25 merfolk
  A queen bee (Lair:1)
  4 wind drakes
  4 polar bears (Lair:5)
  7 trolls
  28 slime creatures
  21 blink frogs
  A fire giant simulacrum (Depths:3)
  2 hornets
  51 saltlings
  An ettin zombie (Depths:2)
  21 dream sheep
  6 snapping turtles
  A shadow (D:10)
  2 centaur simulacra (D:14)
  3 dire elephant simulacra (IceCv)
  3 wyverns
  23 water elementals
  2 air elementals (Elf:3)
  7 wraiths
  2 ettin skeletons (Vaults:3)
  3 fire elementals
  44 yaks
  A human (D:14)
  5 basilisks
  2 death yak simulacra (IceCv)
  A harpy simulacrum (IceCv)
  3 steam dragons
  37 nagas
  3 wargs
  22 water moccasins
  9 hell hounds
  A sky beast (D:5)
  62 orc warriors
  2 ice beasts
  A black bear (Lair:2)
  4 boggarts
  7 ogres
  19 centaurs
  10 wolves
  A phantom (D:5)
  2 kobold brigands
  17 bullfrogs
  3 earth elementals
  2 gnoll sergeants
  3 cane toad simulacra (IceCv)
  2 scorpions
  A two-headed ogre simulacrum (IceCv)
  2 water moccasin skeletons
  6 elephant simulacra (IceCv)
  38 killer bees
  8 wights
  7 howler monkeys
  7 electric eels
  3 jellies
  2 bullfrog zombies
  2 centaur zombies
  7 lava snakes
  22 orc priests
  3 centaur skeletons
  Crazy Yiuf (D:6)
  3 hounds
  A gnoll shaman (D:5)
  5 iguanas
  19 orc wizards
  5 hell rats (Lair:3)
  4 polar bear simulacra (IceCv)
  A spriggan simulacrum (IceCv)
  5 wolf simulacra (IceCv)
  3 hound skeletons
  A howler monkey skeleton (D:5)
  2 howler monkey zombies
  21 gnolls
  9 adders
  2 naga simulacra (IceCv)
  A white imp (D:7)
  2 ufetubi (IceCv)
  A worm (D:4)
  A dart slug (D:4)
  108 orcs
  5 ball pythons
  8 endoplasms
  3 giant cockroaches
  9 goblins
  6 hobgoblins
  2 jackals (D:4)
  18 kobolds
  2 quokkas
  A bat (D:3)
  A frilled lizard (D:1)
  3 rats
  11 tentacles (Shoals:2)
1880 creatures vanquished.

Vanquished Creatures (collateral kills)
  2 foxfires
2 creatures vanquished.

Vanquished Creatures (others)
  A deep elf knight (Elf:1)
  2 deep elf zephyrmancers
  A manticore (Shoals:2)
  An orc (Orc:2)
  8 ball lightnings (Orc:2)
  852 foxfires
  60 fungi
  206 plants
  14 tentacles (Shoals:2)
1145 creatures vanquished.

Grand Total: 3027 creatures vanquished

Notes
Turn   | Place    | Note
-------+----------+-------------------------------------------
     0 | D:1      | iamoutofideas the Deep Elf Fire Elementalist began the
                  | quest for the Orb.
     0 | D:1      | Reached XP level 1. HP: 10/10 MP: 6/6
   220 | D:1      | Found Hoxzayzu's Distillery.
   642 | D:1      | Reached XP level 2. HP: 15/15 MP: 4/8
  1082 | D:1      | Found a faded altar of an unknown god.
  1231 | D:1      | Found Tidghao's Weapon Emporium.
  2118 | D:2      | Reached XP level 3. HP: 11/19 MP: 7/10
  2632 | D:2      | Learned a level 3 spell: Conjure Flame
  2800 | D:2      | Learned a level 2 spell: Poisonous Vapours
  2819 | D:2      | Gained mutation: You are clumsy. (Dex -2) [potion of
                  | mutation]
  2832 | D:2      | Reached skill level 4 in Spellcasting
  3950 | D:4      | Found a glowing drain.
  3964 | D:4      | Reached XP level 4. HP: 14/24 MP: 12/12
  3970 | D:4      | HP: 1/24 [poisoned by an adder]
  4204 | D:4      | Learned a level 4 spell: Sticky Flame
  4636 | D:4      | Noticed a scorpion
  4644 | D:4      | Killed a scorpion
  4645 | D:4      | Reached skill level 5 in Spellcasting
  4645 | D:4      | Reached XP level 5. HP: 10/28 MP: 14/14
  5069 | D:4      | Noticed an ice beast
  5074 | D:4      | Killed an ice beast
  5075 | D:4      | Reached XP level 6. HP: 33/33 MP: 16/16
  5325 | D:3      | Learned a level 5 spell: Fireball
  5335 | D:3      | Lost mutation: You are clumsy. (Dex -2) [potion of
                  | mutation]
  5335 | D:3      | Gained mutation: Your magical capacity is low. (-10% MP)
                  | [potion of mutation]
  5335 | D:3      | Gained mutation: You sometimes lose the ability to read
                  | scrolls when taking damage. [potion of mutation]
  5335 | D:3      | Gained mutation: Your spells are a little harder to cast,
                  | but a little more powerful. [potion of mutation]
  5483 | D:3      | Reached skill level 5 in Fire Magic
  6023 | D:5      | Entered Level 5 of the Dungeon
  6049 | D:5      | Reached skill level 6 in Spellcasting
  6186 | D:5      | Reached XP level 7. HP: 37/37 MP: 17/17
  6321 | D:5      | Learned a level 3 spell: Swiftness
  6747 | D:5      | Reached skill level 1 in Fighting
  6750 | D:5      | Reached skill level 5 in Conjurations
  7042 | D:5      | Reached skill level 7 in Spellcasting
  7517 | D:5      | Reached XP level 8. HP: 41/43 MP: 15/18
  7639 | D:5      | Noticed Pikel
  7653 | D:5      | Killed Pikel
  7654 | D:5      | Reached skill level 8 in Spellcasting
  8016 | D:6      | Found a runed translucent door.
  8017 | D:6      | Noticed Crazy Yiuf
  8051 | D:6      | Found a staircase to the Ecumenical Temple.
  8081 | Temple   | Entered the Ecumenical Temple
  8156 | Temple   | Became a worshipper of Vehumet
  8587 | D:6      | Reached skill level 9 in Spellcasting
  8718 | D:6      | Reached XP level 9. HP: 47/47 MP: 21/21
  9072 | D:6      | Killed Crazy Yiuf
  9753 | D:7      | Killed an unseen horror
  9754 | D:7      | Reached skill level 10 in Spellcasting
 10341 | D:7      | Reached skill level 10 in Fire Magic
 10601 | D:7      | Reached * piety under Vehumet
 10601 | D:7      | Offered knowledge of Sandblast by Vehumet.
 10838 | D:7      | Learned a level 4 spell: Olgreb's Toxic Radiance
 10881 | D:8      | Noticed Maurice
 10892 | D:8      | Killed Maurice
 10916 | D:8      | Reached XP level 10. HP: 17/51 MP: 1/23
 11136 | D:8      | Noticed Erica
 11140 | D:8      | Killed Erica
 11236 | D:8      | Found a staircase to the Lair.
 11487 | D:8      | Found Osucvuw's General Store.
 11489 | D:8      | Noticed a boulder beetle
 11498 | D:8      | Killed a boulder beetle
 11499 | D:8      | Reached skill level 11 in Spellcasting
 11504 | D:8      | Bought a book of Spatial Translocations for 312 gold pieces
 11507 | D:8      | Learned a level 2 spell: Blink
 11727 | D:8      | Noticed a five-headed hydra
 11734 | D:8      | Killed a five-headed hydra
 12760 | D:9      | Reached skill level 12 in Spellcasting
 12816 | D:9      | Found a glowing golden altar of the Shining One.
 12853 | D:9      | Found a flagged portal.
 12857 | D:9      | Reached ** piety under Vehumet
 12857 | D:9      | Offered knowledge of Freeze by Vehumet.
 12868 | Bailey   | Entered a bailey
 12925 | Bailey   | Learned a level 1 spell: Apportation
 13706 | Bailey   | Learned a level 2 spell: Ensorcelled Hibernation
 13721 | Bailey   | Offered knowledge of Ignite Poison by Vehumet.
 13793 | Bailey   | Learned a level 3 spell: Ignite Poison
 13801 | Bailey   | Reached XP level 11. HP: 56/56 MP: 26/26
 13926 | Bailey   | Noticed an orc knight
 13929 | Bailey   | Killed an orc knight
 14257 | D:9      | Reached *** piety under Vehumet
 14884 | D:10     | Entered Level 10 of the Dungeon
 14924 | D:10     | Reached skill level 1 in Shields
 14924 | D:10     | Reached skill level 10 in Conjurations
 15112 | D:10     | Offered knowledge of Dazzling Flash by Vehumet.
 15313 | D:10     | Reached skill level 13 in Spellcasting
 15328 | D:10     | Found a staircase to the Orcish Mines.
 15690 | D:10     | Reached **** piety under Vehumet
 15773 | D:10     | Found a portal to a secret trove of treasure.
 15980 | D:11     | Noticed Nergalle
 15999 | D:11     | Killed Nergalle
 16223 | D:11     | Noticed Fannar
 16226 | D:11     | Killed Fannar
 16280 | D:11     | Noticed a two-headed ogre
 16282 | D:11     | Killed a two-headed ogre
 16525 | D:11     | Found a runed translucent door.
 16526 | D:11     | Noticed safid's ghost (journeyman HOFi)
 16565 | D:11     | Found a blossoming altar of Fedhas.
 16587 | D:11     | Noticed an oklob plant
 16597 | D:11     | Killed an oklob plant
 16914 | D:12     | Identified a scroll of acquirement
 16914 | D:12     | Acquired the ring of Lesser Demons {rPois Int+2 Dex+6}
 16957 | D:12     | Noticed a deep elf pyromancer
 16960 | D:12     | Killed a deep elf pyromancer
 17059 | D:12     | Noticed a two-headed ogre
 17062 | D:12     | Killed a two-headed ogre
 17063 | D:12     | Reached XP level 12. HP: 62/62 MP: 28/28
 17066 | D:12     | Reached skill level 14 in Spellcasting
 17302 | D:12     | Noticed Sonja
 17513 | D:12     | Killed Sonja
 17533 | D:12     | Reached skill level 1 in Air Magic
 17543 | D:12     | Offered knowledge of Frozen Ramparts by Vehumet.
 17552 | D:12     | Noticed an eight-headed hydra
 17726 | D:12     | Learned a level 3 spell: Frozen Ramparts
 18078 | D:12     | Killed an eight-headed hydra
 18466 | D:13     | Noticed a catoblepas
 18475 | D:13     | Killed a catoblepas
 18579 | D:13     | Identified the amulet of Ofop {RegenMP rC+ Str+5 Slay+3}
 18651 | D:13     | Reached skill level 15 in Spellcasting
 18758 | D:13     | Noticed a two-headed ogre
 18763 | D:13     | Killed a two-headed ogre
 19026 | D:14     | Identified Roxanne's Reference Book on Clay
 19026 | D:14     | Noticed Roxanne
 19029 | D:14     | Noticed a tengu warrior
 19035 | D:14     | Killed a tengu warrior
 19221 | Lair:1   | Entered Level 1 of the Lair of Beasts
 19345 | Lair:1   | You fall into a shaft and drop 1 floor!
 19345 | Lair:2   | Noticed a four-headed hydra
 19357 | Lair:2   | Noticed a catoblepas
 19372 | Lair:2   | Killed a catoblepas
 19373 | Lair:2   | Reached XP level 13. HP: 25/66 MP: 17/31
 19379 | Lair:2   | Reached ***** piety under Vehumet
 19404 | Lair:2   | Offered knowledge of Starburst by Vehumet.
 19406 | Lair:2   | Reached skill level 16 in Spellcasting
 19426 | Lair:2   | HP: 3/66 [black mamba (7)]
 19856 | Lair:2   | Reached skill level 5 in Shields
 19918 | Lair:2   | Identified the +1 chain mail of the End {Dex+6 Slay+3}
 20122 | Lair:2   | Found a staircase to the Snake Pit.
 21866 | Lair:3   | Reached skill level 5 in Dodging
 22013 | Lair:3   | Reached skill level 17 in Spellcasting
 22049 | Lair:3   | Reached skill level 1 in Armour
 22859 | Lair:4   | Reached XP level 14. HP: 34/72 MP: 24/33
 23212 | Lair:4   | Reached skill level 15 in Fire Magic
 23338 | Lair:4   | Found a staircase to the Shoals.
 23348 | Lair:4   | Found a shimmering altar of Xom.
 23772 | Lair:5   | Found a transporter.
 23773 | Lair:5   | Found a transporter.
 23779 | Lair:5   | Found a frozen archway.
 23789 | IceCv    | Entered an ice cave
 24217 | IceCv    | Found an ancient bone altar of Kikubaaqudgha.
 24447 | IceCv    | Reached ****** piety under Vehumet
 24457 | IceCv    | Identified the ring "Bufuh" {rN+ Str+4}
 24460 | IceCv    | Offered knowledge of Bolt of Magma by Vehumet.
 24467 | IceCv    | Learned a level 5 spell: Bolt of Magma
 24489 | IceCv    | Acquired a staff of conjuration
 24610 | Lair:5   | Reached skill level 18 in Spellcasting
 25546 | Lair:6   | Entered Level 6 of the Lair of Beasts
 25661 | Lair:6   | Found a staircase to the Slime Pits.
 26658 | Orc:1    | Entered Level 1 of the Orcish Mines
 26658 | Orc:1    | Noticed Snorg
 26663 | Orc:1    | Killed Snorg
 26664 | Orc:1    | Reached XP level 15. HP: 76/76 MP: 13/35
 26742 | Orc:1    | Noticed Josephine
 26748 | Orc:1    | Killed Josephine
 26758 | Orc:1    | Offered knowledge of Conjure Ball Lightning by Vehumet.
 27108 | Orc:1    | Found Sitz's Weapon Shop.
 27153 | Orc:2    | Entered Level 2 of the Orcish Mines
 27153 | Orc:2    | Found a runed translucent door.
 27154 | Orc:2    | Found a shimmering altar of Xom.
 27154 | Orc:2    | Noticed safid's ghost (journeyman HOFi)
 27168 | Orc:2    | Found a staircase to the Elven Halls.
 27184 | Orc:2    | Noticed an orc warlord
 27187 | Orc:2    | Noticed Azrael
 27381 | Orc:2    | Learned a level 6 spell: Conjure Ball Lightning
 27442 | Orc:2    | HP: 3/76 [hell hound[Azrael] (1)]
 27462 | Orc:2    | Killed Azrael
 27469 | Orc:2    | Reached skill level 1 in Translocations
 27548 | Orc:2    | HP: 5/114 [orc knight/bolt (4)]
 27780 | Orc:2    | Offered knowledge of Iskenderun's Battlesphere by Vehumet.
 27783 | Orc:2    | Noticed Urug
 27788 | Orc:2    | Learned a level 5 spell: Iskenderun's Battlesphere
 27790 | Orc:2    | Killed Urug
 27791 | Orc:2    | Reached skill level 1 in Poison Magic
 27926 | Orc:2    | Found Oduelum's Antique Armour Shoppe.
 27931 | Orc:2    | Found Egaxt's Antique Weapon Emporium.
 27942 | Orc:2    | Bought a glowing buckler for 135 gold pieces
 27942 | Orc:2    | Bought a glowing cloak for 135 gold pieces
 28151 | Orc:2    | Killed an orc warlord
 28337 | Orc:2    | Found Voowomm's Armour Boutique.
 28459 | Orc:2    | Found Fughabb's Jewellery Shoppe.
 28885 | Orc:1    | Found Geqoy's Antique Weapon Boutique.
 28905 | Orc:1    | Found Hoawiwn's General Store.
 29549 | D:11     | Killed safid's ghost
 29550 | D:11     | Reached skill level 19 in Spellcasting
 29610 | D:11     | Identified the +8 war axe of Wyrd {venom, +Rage rElec}
 29873 | D:14     | Found a bloodstained altar of Trog.
 30162 | D:14     | Reached skill level 15 in Conjurations
 30263 | D:14     | Found a sacrificial altar of Ru.
 30418 | D:14     | Found a gate to the Vaults.
 30611 | D:15     | Entered Level 15 of the Dungeon
 31542 | D:15     | Found an ornate altar of the Wu Jian Council.
 31854 | D:15     | Found a staircase to the Depths.
 32345 | Lair:6   | Offered knowledge of Orb of Destruction by Vehumet.
 32511 | Lair:6   | Reached XP level 16. HP: 86/86 MP: 11/37
 32796 | Lair:6   | Found a large runed translucent door.
 32796 | Lair:6   | Found a large runed translucent door.
 32891 | Lair:6   | Found the +8 lance "Wyrmbane" {slay drac, rPois rF+ rC+
                  | AC+3}
 33146 | Snake:1  | Entered Level 1 of the Snake Pit
 33239 | Lair:2   | Learned a level 7 spell: Orb of Destruction
 33461 | Snake:1  | Reached skill level 5 in Fighting
 33776 | Snake:1  | Found a shimmering blue altar of Sif Muna.
 34733 | Snake:2  | Found Dasiboem's General Store.
 34762 | Snake:2  | HP: 1/88 [salamander (14)]
 34765 | Snake:2  | Reached skill level 20 in Spellcasting
 34912 | Snake:1  | Offered knowledge of Yara's Violent Unravelling by Vehumet.
 35212 | D:1      | Bought a potion of curing for 42 gold pieces
 35212 | D:1      | Bought a potion of curing for 42 gold pieces
 35212 | D:1      | Bought a potion of might for 56 gold pieces
 35212 | D:1      | Bought a potion of resistance for 140 gold pieces
 35212 | D:1      | Bought 2 potions of lignification for 84 gold pieces
 35212 | D:1      | Bought a potion of ambrosia for 112 gold pieces
 35212 | D:1      | Bought a potion of brilliance for 56 gold pieces
 35212 | D:1      | Bought a potion of invisibility for 112 gold pieces
 35986 | Snake:2  | Learned a level 3 spell: Stone Arrow
 36742 | Snake:3  | Noticed Nikola
 37083 | Snake:3  | Killed Nikola
 37219 | Snake:3  | Noticed Aizul
 37225 | Snake:3  | Killed Aizul
 37289 | Snake:3  | Identified the +3 dire flail of Ynuzu {vorpal, rCorr}
 37302 | Snake:3  | Reached XP level 17. HP: 86/94 MP: 9/39
 37410 | Snake:3  | Reached skill level 1 in Ice Magic
 37628 | Snake:3  | Offered knowledge of Eringya's Noxious Bog by Vehumet.
 37893 | Snake:4  | Entered Level 4 of the Snake Pit
 37935 | Snake:4  | Noticed Bai Suzhen
 38012 | Snake:4  | Reached skill level 21 in Spellcasting
 38303 | Snake:3  | Found Immestra's General Store.
 38319 | Snake:3  | Bought a potion of haste for 160 gold pieces
 38319 | Snake:3  | Bought 2 scrolls of teleportation for 96 gold pieces
 38578 | Snake:4  | Reached skill level 10 in Shields
 38735 | Snake:4  | Killed Bai Suzhen
 40402 | Snake:4  | Reached skill level 22 in Spellcasting
 40559 | Snake:4  | Reached XP level 18. HP: 103/103 MP: 23/41
 40882 | Snake:4  | Offered knowledge of Shatter by Vehumet.
 40882 | Snake:4  | Offered knowledge of Chain Lightning by Vehumet.
 40882 | Snake:4  | Offered knowledge of Ignition by Vehumet.
 40992 | Snake:4  | Learned a level 8 spell: Ignition
 41036 | Snake:4  | Got a serpentine rune of Zot
 41913 | Orc:2    | Bought a ring of positive energy for 320 gold pieces
 41915 | Orc:2    | Bought a ring of willpower for 400 gold pieces
 42153 | Shoals:1 | Entered Level 1 of the Shoals
 42711 | Shoals:1 | Found Xioggof's Armour Emporium.
 42838 | Shoals:1 | Lost mutation: Your spells are a little harder to cast, but
                  | a little more powerful. [potion of mutation]
 42838 | Shoals:1 | Lost mutation: Your magical capacity is low. (-10% MP)
                  | [potion of mutation]
 42838 | Shoals:1 | Gained mutation: You have sharp fingernails. [potion of
                  | mutation]
 44108 | Shoals:2 | Reached skill level 23 in Spellcasting
 44413 | Shoals:2 | Found a runed translucent door.
 44414 | Shoals:2 | Found the +0 staff of Battle
 44415 | Shoals:2 | Noticed Gusemoabb's ghost (journeyman MiGl)
 44613 | Shoals:3 | Noticed Donald
 44619 | Shoals:3 | Killed Donald
 44940 | Shoals:3 | Noticed Ilsuiw
 44947 | Shoals:3 | Killed Ilsuiw
 45520 | Shoals:4 | Entered Level 4 of the Shoals
 45524 | Shoals:4 | Reached XP level 19. HP: 110/110 MP: 33/48
 45900 | Shoals:4 | Identified the ring of Doubts {rElec rN+}
 46447 | Shoals:4 | Identified the ring of Fedhas's Envy {Wiz rC++ Int+3}
 46514 | Shoals:4 | Got a barnacled rune of Zot
 46516 | Shoals:4 | Identified the +5 bardiche "Zuasiq" {drain, rElec}
 46710 | Shoals:2 | Killed Gusemoabb's ghost
 46711 | Shoals:2 | Reached skill level 10 in Fighting
 47178 | Vaults:1 | Entered Level 1 of the Vaults
 47712 | Vaults:1 | Reached skill level 24 in Spellcasting
 48212 | Vaults:1 | Found Zodocuv's General Store.
 48215 | Vaults:1 | Bought a potion of curing for 45 gold pieces
 48215 | Vaults:1 | Bought a potion of curing for 45 gold pieces
 48215 | Vaults:1 | Bought a scroll of teleportation for 45 gold pieces
 48215 | Vaults:1 | Bought a scroll of fog for 30 gold pieces
 48808 | Vaults:1 | Reached XP level 20. HP: 118/118 MP: 28/50
 48901 | Vaults:1 | Found a portal to a secret trove of treasure.
 51403 | Vaults:2 | Identified the +3 mace of the Valley of Death {antimagic,
                  | rPois Will- Dex+2}
 51619 | Vaults:2 | Reached skill level 25 in Spellcasting
 52125 | Vaults:3 | Learned a level 8 spell: Lehudib's Crystal Spear
 52184 | Vaults:3 | Reached skill level 1 in Earth Magic
 52722 | Vaults:3 | Found a staircase to the Crypt.
 53831 | Vaults:4 | Reached XP level 21. HP: 71/125 MP: 33/52
 54777 | Vaults:4 | Noticed Margery
 54784 | Vaults:4 | Killed Margery
 54788 | Vaults:4 | Reached skill level 26 in Spellcasting
 55620 | Orc:2    | Bought a polished leather armour for 126 gold pieces
 55620 | Orc:2    | Identified the +3 leather armour of the Known World {rC+
                  | rN++} (You bought it in a shop on level 2 of the Orcish
                  | Mines)
 55620 | Orc:2    | Bought a masterwork scale mail for 162 gold pieces
 55620 | Orc:2    | Identified the +6 scale mail of the Moon {Int+5} (You
                  | bought it in a shop on level 2 of the Orcish Mines)
 55857 | Shoals:1 | Bought the +0 pair of boots of Cowardice {rPois Stlth+} for
                  | 314 gold pieces
 56472 | Depths:1 | Entered Level 1 of the Depths
 57104 | Orc:2    | Bought a ring of willpower for 400 gold pieces
 57455 | Elf:1    | Entered Level 1 of the Elven Halls
 57474 | Elf:1    | Identified the +7 leather armour of Qoceunoi {*Corrode
                  | +Blink Int+2 Slay+5}
 57949 | Elf:1    | Found Jeat's Self-Improvement Boutique.
 58003 | Elf:1    | Got the Disquisition on Summoning
 58270 | Elf:2    | Found a crumbling gateway.
 58279 | Desolati | Entered the Desolation of Salt
 58308 | Desolati | Identified the +4 whip of the Secret Ultimatums {drain,
                  | rF++ Int+3}
 58325 | Desolati | Reached XP level 22. HP: 27/133 MP: 11/54
 58339 | Desolati | HP: 8/199 [guardian serpent (14)]
 58851 | Desolati | Identified the +0 plate armour of Wonderful Liberty {Dex+6}
 59478 | Desolati | Identified the +8 quarterstaff of Kamidek {freeze, *Rage
                  | rPois rC+ rN+++}
 59481 | Desolati | Identified the +1 chain mail of the Ward {-Cast Rampage
                  | +Blink Stlth+}
 59569 | Desolati | Identified the +1 broad axe "Refusmu" {venom, rF++ Str+3
                  | Stlth+}
 60213 | Elf:2    | Found a huge runed translucent gate.
 60214 | Elf:2    | Found a huge runed translucent gate.
 60215 | Elf:2    | Found a huge runed translucent gate.
 60215 | Elf:2    | Found a huge runed translucent gate.
 60216 | Elf:2    | Found a huge runed translucent gate.
 60536 | Elf:2    | Reached skill level 27 in Spellcasting
 60814 | Elf:3    | Entered Level 3 of the Elven Halls
 61727 | Elf:3    | Found a gateway to a bazaar.
 61744 | Bazaar   | Entered a bazaar
 61760 | Bazaar   | Found Qokoynet's Magic Scroll Shoppe.
 61786 | Bazaar   | Found Jurhih's Antique Weapon Emporium.
 61786 | Bazaar   | Found Niorucoga's General Store.
 61811 | Bazaar   | Found Qimuapt's Distillery.
 61811 | Bazaar   | Found Muadiziv's Armour Shoppe.
 61823 | Bazaar   | Bought a potion of curing for 42 gold pieces
 61823 | Bazaar   | Bought 2 potions of curing for 84 gold pieces
 61823 | Bazaar   | Bought a potion of curing for 42 gold pieces
 61837 | Bazaar   | Bought 2 potions of heal wounds for 100 gold pieces
 61843 | Bazaar   | Bought an iridescent hand crossbow for 76 gold pieces
 61843 | Bazaar   | Identified the +9 hand crossbow of the Extremes {vorpal,
                  | Dex+4} (You bought it in a shop in a bazaar)
 62919 | Elf:3    | Paralysed by an air elemental for 1 turns
 63468 | Elf:3    | Identified the amulet of Linearity {Spirit Harm rElec rN+
                  | Int-3}
 63528 | Elf:3    | Acquired 519 gold pieces
 64298 | Depths:1 | Found a gateway to Hell.
 64424 | Depths:1 | Reached XP level 23. HP: 140/140 MP: 31/56
 64841 | Depths:1 | Reached skill level 5 in Armour
 65522 | Vaults:1 | You paid a toll of a +6 demon trident to enter a treasure
                  | trove
 65523 | Trove    | Entered a treasure trove
 65523 | Trove    | Found the amulet of the Air {Inacc Air Fly rElec RMsl}
 65525 | Trove    | Identified the ring of the Trilobite {rN+ rCorr Str+6}
 65528 | Trove    | Identified the amulet of False Hope {Spirit rN+ Regen+
                  | rCorr Str+2}
 65531 | Trove    | Identified the ring of the Enemy {Fire +Blink rCorr Str+2
                  | Slay-3}
 65536 | Trove    | Identified the ring "Cyewnae" {rN+ Dex+3}
 65537 | Trove    | Identified the amulet "Toyf" {Spirit -Cast rPois rF+ rN+}
 65545 | Trove    | Identified the ring "Qigruz" {MP+9 Str+4 Stlth-}
 65549 | Trove    | Identified the ring "Efeur" {EV+4 Str+3}
 65746 | D:14     | Killed Roxanne
 65762 | D:14     | Learned a level 6 spell: Statue Form
 67675 | Depths:2 | Noticed a caustic shrike
 67678 | Depths:2 | Killed a caustic shrike
 67832 | Depths:2 | Noticed a juggernaut
 68133 | Depths:2 | Noticed a caustic shrike
 68138 | Depths:2 | Killed a caustic shrike
 68268 | Depths:2 | Killed a juggernaut
 68434 | Depths:2 | Noticed a caustic shrike
 68921 | Depths:2 | Killed a caustic shrike
 68984 | Depths:2 | Identified the +2 leather armour of Dogmatism {rCorr Dex-4
                  | Stlth+}
 69987 | Depths:3 | Found a one-way gate leading to the halls of Pandemonium.
 70168 | Depths:3 | Found Hyddar Keu's Antique Armour Shoppe.
 70177 | Depths:3 | Found Yxywor's Antique Armour Emporium.
 70183 | Depths:3 | Bought an encrusted leather armour for 182 gold pieces
 70183 | Depths:3 | Identified the +3 leather armour of Xiurimuh {rPois Will+}
                  | (You bought it in a shop on level 3 of the Depths)
 70194 | Depths:3 | Bought a blackened leather armour for 210 gold pieces
 70194 | Depths:3 | Identified the +2 leather armour of Inaction {rF+ rC+
                  | Int+4} (You bought it in a shop on level 3 of the Depths)
 70194 | Depths:3 | Bought a crude leather armour for 210 gold pieces
 70194 | Depths:3 | Identified the +3 leather armour of Hedge Wizardry {Regen+
                  | Int-5 Stlth+} (You bought it in a shop on level 3 of the
                  | Depths)
 70219 | Depths:3 | Found a white marble altar of Elyvilon.
 70227 | Depths:3 | Noticed Mara
 70233 | Depths:3 | Killed Mara
 70585 | Depths:4 | Noticed Mennas
 70597 | Depths:4 | HP: 3/210 [Mennas (10)]
 70598 | Depths:4 | Reached XP level 24. HP: 3/145 MP: 56/56
 70607 | Depths:4 | Slain by a spark wasp

Illustrated notes

Levels and vault maps discovered:
D:1:      nzn_arrival_water_spiral, layout_loops_corners,
          hellmonk_ecumenical_altar_lost_god, serial_shops, shop,
          nicolae_shop_crystal
D:2:      layout_loops_corners
D:3:      layout_basic, chequers_serial_rivers_room_b
D:4:      layout_basic, gup_sewer_entry_glass, minmay_misc_feat_columns
D:5:      layout_basic, uniq_pikel
D:6:      layout_cave_pods, temple_pool_b, uniq_crazy_yiuf_cottage
D:7:      layout_basic, nrook_mini_backslash, minmay_misc_feat_enclosed,
          minmay_fractal_squares_gapless_5
D:8:      layout_loops_ring, lair_entry_dummy, nicolae_stop_n_shop_1,
          uniq_maurice, uniq_erica
D:9:      layout_basic, nicolae_tso_carved_into_rock, enter_bailey_7,
          kennysheep_dice
D:10:     layout_roguey, david_orc_3, trove_entry_hex_spiral,
          grunt_decor_arrowhead
D:11:     layout_basic, gammafunk_ghost_grave, tgw_fedhas, uniq_fannar,
          uniq_nergalle
D:12:     layout_cave_pods, kennysheep_potato, uniq_sonja
D:13:     layout_rooms
D:14:     layout_cave_pools, grunt_vaults_entry_fortified, bloody_trog,
          nicolae_ru_awakened_eye, uniq_roxanne
D:15:     grunt_enter_depths_magical_seal, layout_loops_corners,
          nzn_wu_jian_contemplation, solitary_fountain
Temple:   grunt_wide_crystal_templ
Lair:1:   layout_roguey [special_room_bee], dpeg_stationary_puzzle,
          grunt_megastairs_1, serial_bayou_shore_b, serial_bayou_shore_a,
          infiniplex_staircase_pool_2
Lair:2:   layout_hall_layers, minmay_snake_entry_six_corridors
Lair:3:   layout_misc_corridors
Lair:4:   layout_regular_city, minmay_shoals_entry_centaurs,
          lemuel_centaur_altar, infiniplex_staircase_pool
Lair:5:   gammafunk_boulding_lane, layout_regular_city,
          portal_ice_cave_entry_pillars_1, beast_lair_carwin_4
Lair:6:   cheibrodos_lair_end_hotspot, layout_cave_shapes,
          minmay_slime_entry_oklob_enclosed, lemuel_fruit_tree
Shoals:1: layout_shoals, serial_shops, shop, nicolae_shoals_secluded_bog
Shoals:2: argonaut_golden_fleece, layout_shoals, ebering_ghost_inner_flame,
          nicolae_shoals_kraken_party
Shoals:3: layout_shoals, uniq_ilsuiw, uniq_donald
Shoals:4: shoals_end_hellmonk_lost_city
Snake:1:  layout_grid_shapes, basic_altar, grunt_megastairs_5
Snake:2:  layout_cave_town, serial_shops, shop, nicolae_snake_gridmaze_zigzag,
          st_stairs_1, nicolae_snake_salamander_fort
Snake:3:  nicolae_snake_shooting_gallery, layout_rooms, serial_shops, shop,
          serial_bayou, serial_bayou_lagoon_a, serial_bayou_crossing,
          serial_bayou_ford_a, serial_bayou_pond_d, uniq_aizul, uniq_nikola
Snake:4:  grunt_snake_rune_spirals, layout_onion, uniq_bai_suzhen
Orc:1:    layout_caves, basic_altar, serial_shops, shop, shop,
          nicolae_diamond_shop, uniq_josephine, uniq_snorg
Orc:2:    grunt_orc_community_town_hall, layout_caves,
          grunt_orc_community_big_house_2, grunt_orc_community_big_house_2,
          grunt_orc_community_house_1, grunt_orc_community_house_1,
          grunt_orc_community_house_1, grunt_orc_community_house_1,
          grunt_orc_community_house_2, ebering_ghost_xom, uniq_azrael, uniq_urug
Elf:1:    layout_loops_cross, minmay_elf_demonology, nicolae_shop_self_help
Elf:2:    elven_hall_of_blades_hangedman_alternative
          [nicolae_blade_entry_diamond_columns], layout_geoelf_octagon,
          special_room [special_room_orc], portal_desolation_entry_salt,
          hangedman_elven_ridges
Elf:3:    minmay_elf_hall_dome, layout_gridlike, serial_shops, bzr_entry_water,
          nicolae_elf_crossing_hall
Vaults:1: dpeg_vaults_monster_row, nicolae_vaults_little_squares_5,
          vaults_room_door_hall, vaults_room_hallway, v_pattern_3,
          ontoclasm_vaults_decontamination, ontoclasm_vaults_ring_small,
          v_misc_29, nicolae_vaults_little_squares_4, vaults_dpeg_encased_lava,
          nicolae_vaults_rhombus_6, v_misc_32, layout_vaults_quadrants,
          serial_shops, shop, nicolae_trove_entry_columns
Vaults:2: ontoclasm_vaults_fault, ontoclasm_vaults_chip, v_misc_14,
          nicolae_vaults_stairing_the_circle, nicolae_vaults_quartermaster,
          v_misc_13, v_misc_17, ontoclasm_vaults_eye, vaults_mumra_hex,
          nicolae_vaults_little_squares_3, vaults_room_grid,
          layout_vaults_chaotic_city
Vaults:3: v_alt_pattern_2, vaults_mumra_chevron, nicolae_vaults_network_star,
          v_misc_3, minmay_crypt_entry_skeletal_spiral,
          hangedman_vaults_restitches, ontoclasm_vaults_misaligned,
          ontoclasm_vaults_claustrophobia, nicolae_vaults_network_square,
          nicolae_vaults_mini_display_case, nicolae_vaults_shelves_hall,
          layout_vaults_omnicross
Vaults:4: hangedman_vaults_capsules, hangedman_vaults_slither,
          hangedman_vaults_corner_blocks, nicolae_vaults_network_quincunx
          [nicolae_vaults_network_quincunx_subvault,
          nicolae_vaults_network_quincunx_subvault,
          nicolae_vaults_network_quincunx_subvault,
          nicolae_vaults_network_quincunx_subvault,
          nicolae_vaults_network_quincunx_subvault],
          hangedman_vaults_stretched_pinwheel, nicolae_vaults_ninety_degrees,
          ontoclasm_vaults_spin, grunt_vaults_hallway_long, v_misc_26,
          nicolae_vaults_little_squares_3, st_lattice, v_misc_14,
          layout_vaults_maze, uniq_margery
Depths:1: layout_small_grid, wad_floor_pattern_untrapped, hellmouth_1,
          minmay_strange_pillars, kennysheep_generic_room_8
Depths:2: minmay_the_grid_triangle_9x9_recursive_3
          [minmay_the_grid_triangle_9x9_alien,
          minmay_the_grid_triangle_9x9_dagger,
          minmay_the_grid_triangle_9x9_intruding_spiral,
          minmay_the_grid_triangle_9x9_prize_top_heavy,
          minmay_the_grid_triangle_9x9_limited_checkers,
          minmay_the_grid_triangle_9x9_checkered,
          minmay_the_grid_triangle_9x9_swiss_cheese,
          minmay_the_grid_triangle_9x9_semitri,
          minmay_the_grid_triangle_9x9_cache], layout_cave_pools, hell_entry,
          kennysheep_doodads, minmay_three_doors, serial_bayou_shore_b
Depths:3: grated_community_mu [grated_community_mu_vampire_home,
          grated_community_mu_giant_home, grated_community_mu_spellcaster_home,
          grated_community_mu_orcish_home, grated_community_mu_troll_home,
          grated_community_mu_taur_home, grated_community_mu_unbuilt_plot],
          layout_twisted_cross, pan_entry, hell_entry, elyvilon_altar_5,
          grunt_megastairs_4, minmay_shoptagon, minmay_staircase_windowed_small,
          serial_bayou_shore_b, uniq_xtahua, uniq_mara
Depths:4: nicolae_legendary_halls, layout_basic,
          nicolae_dithmenos_shadow_blocks, special_room [special_room_jelly],
          grunt_hell_entry_dis_mu, marbit_kobold_abyss_entry,
          minmay_fountain_box, infiniplex_staircase_door_maze, uniq_mennas

Skill      XL: |  1  2  3  4  5  6  7  8  9 10 11 12 13 14 15 16 17 18 19 20 21 22 23 |
---------------+----------------------------------------------------------------------+-----
Spellcasting   | 4 5 6 7 9 10 12 13 15 17 18 19 20 22 23 24 25 26 27 | 27.0
Fire Magic     | 4 5 6 8 10 11 12 14 15 16 17 18 19 20 21 22 23 | 23.9
Conjurations   | 2 3 4 5 6 7 9 10 12 13 14 15 16 17 18 19 20 | 20.6
Fighting       | 1 2 4 6 8 9 10 11 12 13 | 13.1
Dodging        | 3 4 5 6 7 8 |  8.6
Shields        | 4 5 7 9 10 11 12 | 12.1
Air Magic      | 1 2 |  2.1
Armour         | 1 2 3 4 5 |  5.3
Translocations | 1 |  1.6
Poison Magic   | 1 |  1.2
Ice Magic      | 1 |  1.9
Earth Magic    | 1 2 |  2.6
Long Blades    | |  0.9
Stealth        | |  2.7
Unarmed Combat | |  0.3

Action                   |  1- 3 |  4- 6 |  7- 9 | 10-12 | 13-15 | 16-18 | 19-21 | 22-24 || total
-------------------------+-------+-------+-------+-------+-------+-------+-------+-------++-------
Melee: Unarmed           |     5 |     5 |     4 |       |       |       |       |       ||    14
       Whip              |       |       |     1 |       |       |       |       |       ||     1
       Scimitar          |       |       |       |    14 |    26 |       |       |       ||    40
       Staff             |       |       |       |       |    20 |       |       |     7 ||    27
       War axe           |       |       |       |       |       |    27 |    69 |       ||    96
 Cast: Foxfire           |   137 |   117 |   196 |    12 |    30 |    15 |     8 |    11 ||   526
       Conjure Flame     |     1 |       |       |       |       |     2 |       |     2 ||     5
       Sticky Flame      |       |    10 |    34 |    31 |    77 |    29 |    26 |       ||   207
       Poisonous Vapours |       |       |     1 |       |       |       |       |       ||     1
       Fireball          |       |       |     6 |   227 |   447 |   442 |   335 |   228 ||  1685
       Swiftness         |       |       |       |     2 |     2 |     2 |     1 |       ||     7
       Frozen Ramparts   |       |       |       |     1 |     9 |     4 |     1 |       ||    15
       Blink             |       |       |       |       |     5 |     4 |     2 |     1 ||    12
       Bolt of Magma     |       |       |       |       |    32 |    13 |    14 |     2 ||    61
       Olgreb's Toxic Ra |       |       |       |       |     6 |       |     1 |     1 ||     8
       Conjure Ball Ligh |       |       |       |       |     5 |       |       |       ||     5
       Iskenderun's Batt |       |       |       |       |     1 |     1 |       |     1 ||     3
       Ignite Poison     |       |       |       |       |     1 |       |       |       ||     1
       Orb of Destructio |       |       |       |       |       |   124 |    69 |   107 ||   300
       Stone Arrow       |       |       |       |       |       |     6 |    22 |    15 ||    43
       Ignition          |       |       |       |       |       |    19 |   160 |    98 ||   277
       Lehudib's Crystal |       |       |       |       |       |       |     3 |     4 ||     7
       Ensorcelled Hiber |       |       |       |       |       |       |     1 |       ||     1
Evoke: Wand              |       |       |       |       |     6 |    14 |     4 |     4 ||    28
       Condenser vane    |       |       |       |       |       |     1 |     3 |     1 ||     5
       Phantom mirror    |       |       |       |       |       |     1 |     1 |     2 ||     4
  Use: Potion            |     3 |     4 |     1 |     2 |    18 |     7 |    14 |    15 ||    64
       Scroll            |     1 |     6 |     1 |    21 |    15 |     9 |     4 |     8 ||    65
 Stab: Sleeping          |     1 |     1 |       |       |       |       |       |       ||     2
Armor: Robe              |     5 |     2 |    11 |    12 |    10 |       |       |       ||    40
       Troll leather arm |       |       |       |       |    50 |    61 |    69 |       ||   180
       Skin              |       |       |       |       |     4 |       |    24 |    33 ||    61
       Leather armour    |       |       |       |       |       |       |     7 |    30 ||    37
Dodge: Dodged            |    27 |    13 |    25 |    55 |   145 |   148 |   150 |    74 ||   637
Block: Other             |       |     2 |    16 |    16 |       |       |       |       ||    34
       Reflection        |       |       |     1 |     8 |       |    17 |    15 |       ||    41
       Buckler           |       |       |       |    20 |    65 |   125 |   169 |    74 ||   453
       Rpst.: Scimitar   |       |       |       |     6 |    19 |       |       |       ||    25
